 Dungeon Crawl Stone Soup version 0.18-a0-1300-g6e8322c (webtiles) character file.

894 MackTheKnife the Carver (level 8, -10/48 HPs)
             Began as a Tengu Wanderer on Feb 12, 2016.
             Was a Follower of Okawaru.
             Mangled by an ogre
             ... wielding a +0 giant club
              (23 damage)
             ... on level 5 of the Dungeon.
             The game lasted 00:13:38 (5949 turns).

MackTheKnife the Carver (Tengu Wanderer)            Turns: 5949, Time: 00:13:38

Health: -10/48     AC:  8    Str: 12    XL:     8   Next: 6%
Magic:  7/9        EV: 13    Int: 14    God:    Okawaru [*.....]
Gold:   180        SH:  7    Dex: 15    Spells: 0 memorised, 7 levels left

rFire  + . .     SeeInvis .     x - +1 long sword
rCold  . . .     Gourm    .     i - +2 robe {rF+}
rNeg   . . .     Faith    +     g - +0 shield (curse)
rPois  .         Spirit   .     q - +2 hat
rElec  .         Dismiss  .     u - +0 cloak
rCorr  .         Reflect  .     v - +0 pair of gloves
SustAt .         Harm     .     (boots unavailable)
MR     .....                    a - amulet of faith {Faith, !P}
Stlth  ++........               (no ring)
                                (no ring)

@: flying quickly and evasively, quick, not resistant to hostile enchantments,
unstealthy
A: beak, talons 3, able to fly 1
a: Heroism, Renounce Religion


You were on level 5 of the Dungeon.
You worshipped Okawaru.
Okawaru was aware of your devotion.
You were not hungry.

You visited 2 branches of the dungeon, and saw 6 of its levels.

You collected 180 gold pieces.

Inventory:

Hand Weapons
 x - a +1 long sword (weapon)
   (You found it on level 4 of the Dungeon)
Armour
 g - a cursed +0 shield (worn)
   (You found it on level 1 of the Dungeon)
 i - a +2 robe of fire resistance (worn)
   (You took it off an orc wizard on level 4 of the Dungeon)
 q - a +2 hat (worn)
   (You found it on level 3 of the Dungeon)
 u - a +0 cloak (worn)
   (You found it on level 3 of the Dungeon)
 v - a +0 pair of gloves (worn)
   (You found it on level 4 of the Dungeon)
Jewellery
 a - an amulet of faith (around neck) {Faith, !P}
   (You found it on level 5 of the Dungeon)
Wands
 j - a wand of lightning (2/15)
   (You found it on level 5 of the Dungeon)
Scrolls
 c - 2 scrolls of noise {unknown}
 l - a scroll of fear
 p - 3 scrolls of identify
 t - a scroll of immolation {!r}
Potions
 b - a potion of ambrosia {!q}
 d - 2 potions of curing
 e - a potion of agility {unknown}
 h - a potion of haste
 k - a potion of might {unknown}
 o - 2 potions of flight
Comestibles
 f - 4 bread rations {@e1}
 m - 2 slices of pizza
 n - a chunk of flesh {@w0}
 s - 2 meat rations {@e2}


   Skills:
 - Level 4.4 Fighting
 + Level 8.1 Long Blades
   Level 1.1 Staves
 - Level 4.3 Dodging
 - Level 2.0 Stealth
 - Level 1.0 Shields


You had 7 spell levels left.
You didn't know any spells.

Dungeon Overview and Level Annotations

Branches:
Dungeon (5/15)             Temple (1/1) D:5

Altars:
Ashenzari
Elyvilon
Fedhas
Gozag
Kikubaaqudgha
Makhleb
Nemelex Xobeh
Okawaru
Pakellas
Ru
Sif Muna
Trog
Vehumet
Xom
Yredelemnul
Zin
The Shining One

Shops:
D:4 (


Innate Abilities, Weirdness & Mutations

You have a beak for a mouth.
You have claws for feet.
You can fly.


Message History

You claw the ice beast, but do no damage.
The ice beast hits you but does no damage.
You hit the ice beast but do no damage. The ice beast hits you.
The ice beast freezes you.
You take 9 damage, and have 35/44 hp.
MASSIVE DAMAGE!!
You closely miss the ice beast.
The ice beast hits you but does no damage.
You hit the ice beast. You claw the ice beast. Your peck misses the ice beast.
The ice beast closely misses you.
You hit the ice beast.
You claw the ice beast, but do no damage.
You peck the ice beast, but do no damage.
The ice beast closely misses you. You block the ice beast's attack.
You hit the ice beast but do no damage. Your kick misses the ice beast.
Your peck misses the ice beast. The ice beast barely misses you.
You slash the ice beast!
You kill the ice beast!
Okawaru accepts your kill.
You can now gain great but temporary skills.
Your Long Blades skill increases to level 8!
You have reached level 8!
You feel stronger.
You regained 3 hp, and now have 39/48 hp.
Found a stone staircase leading down.
A quokka comes into view.
d - 2 potions of curing (gained 1)
Things that are here:
a scroll labeled YPOESOUXZO; a scroll of identify
c - a scroll labeled YPOESOUXZO;
p - 3 scrolls of identify (gained 1)
The quokka barely misses you.
You closely miss the quokka. Your peck misses the quokka.
The quokka closely misses you. The quokka bites you.
You take 1 damage, and have 42/48 hp.
MP restored: 9 You hit the quokka.
You claw the quokka.
You kill the quokka!
Okawaru accepts your kill.
No target in view!
You are starting to lose your buoyancy.
You see here a quokka corpse.
You butcher the quokka corpse.
n - 2 chunks of flesh {@w0} Eating one of 2 chunks of flesh {@w0}.
You continue eating. x2
You float gracefully downwards.
You slash the iguana! You claw the iguana, but do no damage.
You peck the iguana. You block the iguana's attack.
The iguana closely misses you.
You hit the iguana.
You kill the iguana!
Okawaru accepts your kill.
No target in view!
c - 2 scrolls labeled YPOESOUXZO (gained 1)
A ball python zombie comes into view.
A ball python zombie is nearby!
The ball python zombie closely misses you.
The ball python zombie grabs you. The ball python zombie constricts you.
You hit the ball python zombie.
The ball python zombie closely misses you.
The ball python zombie constricts you.
Your shield prevents you from hitting the ball python zombie.
You block the ball python zombie's attack.
The ball python zombie constricts you.
Unknown command.
You slash the ball python zombie!
You destroy the ball python zombie!
Okawaru accepts your kill.
No target in view!
You see here a meat ration {@e2}.
Health restored: 48
s - 2 meat rations {@e2} (gained 1)
The ogre shouts!
You swoop lightly up into the air.
You feel very comfortable in the air.
You feel somewhat more hungry.
You now have 6/9 mp.
You slash the ogre! You claw the ogre. The ogre hits you with a giant club!
You take 16 damage, and have 32/48 hp.
MASSIVE DAMAGE!!
You hit the ogre. The ogre hits you but does no damage.
Your shield prevents you from hitting the ogre.
You claw the ogre. The ogre hits you with a giant club.
You take 2 damage, and have 31/48 hp.
You hit the ogre but do no damage. You hit the ogre but do no damage.
You claw the ogre. The ogre hits you with a giant club!
You take 12 damage, and have 19/48 hp.
MASSIVE DAMAGE!!
Aim: an ogre, wielding a giant club (heavily wounded)
You hear a mighty clap of thunder!
The bolt of lightning hits the ogre.
Evoking this partially-identified wand wasted a few charges.
You hear a shout!
The ogre hits you with a giant club.
* * * LOW HITPOINT WARNING * * *
You take 6 damage, and have 13/48 hp.
Unknown command.
The ogre hits you with a giant club!!
You die...

###........ #..........
########.#........
##......#.#........
..................
#......#.#........
#.../..#l#........ .###
#.O....#.#Y#####.# ....#
#@.....#.......... .....#
#......#.......... ......
#........##.####.#
......###......#..........
.........##........#.###.#
.............≈≈≈.......#.#
....(....##.≈≈§§≈..##..#.#
.........#.≈≈§≈≈§≈........
...........≈§≈>≈§≈.......#


You could see an ogre.

Vanquished Creatures
  2 ice beasts (D:5)
  A sky beast (D:5)
  A necrophage (Temple)
  A hound (D:4)
  A jelly (D:5)
  4 iguanas
  4 orc wizards
  3 worker ants (D:4)
  2 hound skeletons
  5 adders
  2 shadow imps
  An adder skeleton (D:5)
  A worm (D:2)
  2 giant geckos
  9 orcs
  A ball python (D:2)
  9 bats
  8 giant cockroaches
  6 goblins
  8 hobgoblins
  6 jackals
  4 kobolds
  3 quokkas
  A ball python zombie (D:5)
  5 giant newts
  A jackal skeleton (D:4)
  9 rats
100 creatures vanquished.

Notes
Turn   | Place    | Note
--------------------------------------------------------------
     0 | D:1      | MackTheKnife the Tengu Wanderer began the quest for the Orb.
     0 | D:1      | MackTheKnife set off with: a +2 dagger, a scroll of blinking {!r}, a +0 falchion, a potion of curing, a +0 robe, a bread ration {@e1}
     0 | D:1      | Reached XP level 1. HP: 12/12 MP: 2/2
    40 | D:1      | Reached XP level 2. HP: 8/17 MP: 3/3
   494 | D:1      | Reached skill level 2 in Dodging
   783 | D:2      | Reached XP level 3. HP: 18/22 MP: 4/4
  1075 | D:2      | HP: 4/22 [adder (3)]
  1078 | D:2      | Reached skill level 3 in Fighting
  1461 | D:2      | Found a shimmering altar of Xom.
  1477 | D:2      | HP: 5/23 [adder (2)]
  1479 | D:2      | Reached XP level 4. HP: 15/28 MP: 5/5
  1835 | D:2      | Reached skill level 3 in Dodging
  2224 | D:3      | Found a blossoming altar of Fedhas.
  2224 | D:3      | Found a glowing silver altar of Zin.
  2225 | D:3      | Found a deep blue altar of Sif Muna.
  2267 | D:3      | Found a glowing golden altar of the Shining One.
  2736 | D:4      | Found an oddly glowing altar of Pakellas.
  2789 | D:4      | HP: 4/28 [iguana (10)]
  3120 | D:3      | Gained mutation: You can fly. [Tengu growth]
  3120 | D:3      | Reached XP level 5. HP: 14/33 MP: 6/6
  3602 | D:4      | Found Tamyanall's Antique Weapon Boutique.
  3620 | D:4      | Reached skill level 4 in Fighting
  3620 | D:4      | Reached skill level 4 in Dodging
  3846 | D:4      | Reached XP level 6. HP: 25/39 MP: 7/7
  3995 | D:4      | Reached skill level 4 in Long Blades
  4725 | D:5      | Entered Level 5 of the Dungeon
  4753 | D:5      | Noticed a sky beast
  5029 | D:4      | Reached skill level 5 in Long Blades
  5050 | D:5      | Noticed a necrophage
  5091 | D:5      | Noticed an ice beast
  5102 | D:5      | Killed an ice beast
  5102 | D:5      | Reached XP level 7. HP: 19/44 MP: 8/8
  5330 | D:5      | Reached skill level 6 in Long Blades
  5384 | D:5      | Found a staircase to the Ecumenical Temple.
  5394 | Temple   | Entered the Ecumenical Temple
  5450 | Temple   | Became a worshipper of Warmaster Okawaru
  5485 | D:5      | HP: 10/44 [iguana (9)]
  5522 | D:4      | Reached skill level 7 in Long Blades
  5871 | D:5      | Reached * piety under Okawaru
  5871 | D:5      | Reached skill level 8 in Long Blades
  5871 | D:5      | Reached XP level 8. HP: 39/48 MP: 6/9
  5949 | D:5      | Mangled by an ogre

Vault maps used:
D:1:      dpeg_arrival_stonehenge_8_columns, corexii_item_surrounded_by_moat
D:2:      nicolae_overflow_hidden_temple, first_bread, bh_walls_and_bars
D:3:      kennysheep_big_flooded_room, nicolae_overflow_quartered_altars
D:4:      serial_shops, nicolae_shop_behind_doors, grunt_pakellas_mercury
D:5:      minmay_temple_entry_mist, uniq_sigmund
Temple:   circular_temple_12

Action                   |  1- 3 |  4- 6 |  7- 9 || total
-------------------------+-------+-------+-------++-------
Melee: Falchion          |    95 |   218 |       ||   313
       Long sword        |       |    55 |    59 ||   114
 Abil: Fly               |       |     4 |     4 ||     8
Evoke: Wand              |       |       |     1 ||     1
  Use: Potion            |     2 |     2 |     1 ||     5
       Scroll            |       |     5 |     5 ||    10
 Stab: Sleeping          |     1 |     8 |       ||     9
  Eat: Chunk             |     2 |     5 |     2 ||     9
       Bread ration      |       |     2 |       ||     2

Vault maps used:
D:1:      dpeg_arrival_stonehenge_8_columns, corexii_item_surrounded_by_moat
D:2:      nicolae_overflow_hidden_temple, first_bread, bh_walls_and_bars
D:3:      kennysheep_big_flooded_room, nicolae_overflow_quartered_altars
D:4:      serial_shops, nicolae_shop_behind_doors, grunt_pakellas_mercury
D:5:      minmay_temple_entry_mist, uniq_sigmund
Temple:   circular_temple_12

Table legend:
 A = Turns spent in this place as a percentage of turns spent in the entire game.
 B = Non-inter-level travel turns spent in this place as a percentage of non-inter-level travel turns spent in the entire game.
 C = Inter-level travel turns spent in this place as a percentage of turns spent in this place.
 D = Turns resting spent in this place as a percentage of non-inter-level travel turns spent in this place.
 E = Turns spent auto-exploring this place as a percentage of non-inter-level travel turns spent in this place.
 F = Non-inter-level travel turns spent in this place divided by the number of levels of this place that you've seen.
                   A       B       C       D       E      F
               +-------+-------+-------+-------+-------+----------------------
         Total | 100.0 | 100.0 |   0.5 |   4.0 |   6.2 | 299.2
       Dungeon |  96.1 |  96.0 |   0.5 |   4.2 |   6.5 | 344.8
        Temple |   3.9 |   4.0 |   0.0 |   0.0 |   0.0 |  71.0
               +-------+-------+-------+-------+-------+----------------------

Table legend:
 A = Kills in this place as a percentage of kills in entire the game.
 B = Kills by you in this place as a percentage of kills by you in the entire game.
 C = Kills by friends in this place as a percentage of kills by friends in the entire game.
 D = Other kills in this place as a percentage of other kills in the entire game.
 E = Experience gained in this place as a percentage of experience gained in the entire game.
 F = Experience gained in this place divided by the number of levels of this place that you have seen.
                   A       B       C       D       E      F
               +-------+-------+-------+-------+-------+----------------------
         Total | 100.0 | 100.0 |  -nan |  -nan | 100.0 | 213.0
       Dungeon |  99.0 |  99.0 |  -nan |  -nan |  90.2 | 230.6
        Temple |   1.0 |   1.0 |  -nan |  -nan |   9.8 | 125.0
               +-------+-------+-------+-------+-------+----------------------
